 Dungeon Crawl Stone Soup version 0.31-a0-1074-g0b22e4e0f1 (webtiles) character file.

Game seed: 13080924919882425222

230 Demosthentine the Poker (level 5, -1/41 HPs)
             Began as a Demonspawn Gladiator on Dec 2, 2023.
             Slain by a kobold brigand
             ... wielding a +2 short sword of chaos
              (4 damage)
             ... on level 3 of the Dungeon.
             The game lasted 00:03:36 (2843 turns).

Demosthentine the Poker (Demonspawn Gladiator)      Turns: 2843, Time: 00:03:37

Health: -1/41      AC:  5    Str: 17    XL:     5   Next: 72%
Magic:  4/5        EV: 14    Int:  9    God:
Gold:   219        SH:  0    Dex: 14    Spells: 4/4 levels left

rFire   + . .        a - +1 trident
rCold   + . .        (no shield)
rNeg    . . .        b - +0 leather armour
rPois   .            c - +0 helmet
rElec   .            l - scarf {rC+ rF+}
rCorr   .            q - +0 pair of gloves
SInv    .            (no boots)
Will    .....        (no amulet)
Stlth   +            (no ring)
HPRegen 0.26/turn    (no ring)
MPRegen 0.09/turn

%: no passive effects
@: hasted (expiring), very quick
A: repulsion field 1, foul stench 1, demonic magic 1
a: no special abilities


You were on level 3 of the Dungeon.
You visited 1 branch of the dungeon, and saw 3 of its levels.
You also visited: Sewer.

You collected 219 gold pieces.

Inventory:

Hand Weapons
 a - a +1 trident (weapon)
Missiles
 d - 2 throwing nets (quivered)
 e - a javelin
Armour
 b - a +0 leather armour (worn)
 c - a +0 helmet (worn)
 l - a scarf of resistance (worn)
 q - a +0 pair of gloves (worn)
Jewellery
 n - a ring of see invisible
Scrolls
 f - 2 scrolls of teleportation
 i - 3 scrolls of poison
Potions
 j - a potion of degeneration {unknown}
 k - a potion of invisibility {unknown}
 m - 2 potions of brilliance {unknown}
 p - a potion of enlightenment {unknown}


   Skills:
 + Level 3.2 Fighting
 + Level 3.5 Polearms
 + Level 2.9 Throwing
 + Level 1.9 Armour
 + Level 3.5 Dodging


You had 4 spell levels left.
You didn't know any spells.
Your spell library contained the following spells:

 Spells                   Type           Power      Damage    Failure   Level
 Shock                    Conj/Air       0%         1d3       43%         1
 Summon Small Mammal      Summ           0%         N/A       43%         1
 Call Canine Familiar     Summ           0%         N/A       82%         3
 Summon Guardian Golem    Hex/Summ       0%         N/A       82%         3
 Swiftness                Air            0%         N/A       82%         3
 Airstrike                Air            0%         2d(0-16)  99%         4


Dungeon Overview and Level Annotations

Branches:
Dungeon (3/15)              Sewer (visited)

Altars:
Fedhas

Annotations:
D:3 superbruh's ghost, amateur DsGl


Innate Abilities, Weirdness & Mutations

You are surrounded by a mild repulsion field. (EV +2)
You may rarely emit foul miasma when damaged in melee.
Spells you cast may paralyse adjacent enemies.


Message History

Unknown command.
You feel sick.
Reach: a) +1 trident
Press: ? - help, Dir - move target, f/p - kobold brigand
Aim: a kobold brigand, wielding a +2 short sword of chaos and quivering poisoned darts (heavily wounded, about 47% to evade your +1 trident)
You reach to attack!
You hit the kobold brigand.
The kobold brigand is heavily wounded.
You feel sick.
You are no longer poisoned.
You see here a +0 whip.
Reach: a) +1 trident
Press: ? - help, Dir - move target, f/p - kobold brigand
Aim: a kobold brigand, wielding a +2 short sword of chaos and quivering poisoned darts (heavily wounded, about 47% to evade your +1 trident)
You reach to attack!
You barely miss the kobold brigand.
The kobold brigand is heavily wounded.
The kobold brigand throws a poisoned dart.
The poisoned dart closely misses you.
Reach: a) +1 trident
Press: ? - help, Dir - move target, f/p - kobold brigand
Aim: a kobold brigand, wielding a +2 short sword of chaos and quivering poisoned darts (heavily wounded, about 47% to evade your +1 trident)
You reach to attack!
You barely miss the kobold brigand.
The kobold brigand is heavily wounded.
The kobold brigand throws a poisoned dart.
The poisoned dart barely misses you.
Reach: a) +1 trident
Press: ? - help, Dir - move target, f/p - kobold brigand
Aim: a kobold brigand, wielding a +2 short sword of chaos and quivering poisoned darts (heavily wounded, about 47% to evade your +1 trident)
You reach to attack!
You closely miss the kobold brigand.
The kobold brigand is heavily wounded.
Unknown command.
Reach: a) +1 trident
Press: ? - help, Dir - move target, f/p - kobold brigand
Aim: a kobold brigand, wielding a +2 short sword of chaos and quivering poisoned darts (heavily wounded, about 47% to evade your +1 trident)
You reach to attack!
You barely miss the kobold brigand.
The kobold brigand is heavily wounded.
Your extra speed is starting to run out.
You feel your willpower return.
The kobold brigand attacks as it pursues you!
The kobold brigand hits you with a +2 short sword of chaos.
You die...

#.# #.#.####...##.# #.# #
##.###.#.#####.###.# #.#
.#......#......# #.# #.#
.#####.#.#####.###.# #.#
.#####.#.# #..)..###.##
.......#.# #.##...#...####
.######### ##........#....######
.# ##.%!#####...#...#............
.###.....##.....@...##.#.#.####.#
## ..#.#..###..K#...##.#.#.# #.#
#♣.#.#.♣# ##.###.###.#.#.####.#
###..#.#..####K###.###.#.#.##...#
..##...KK##.##)##...##.....##.#.#
##.##'''##.K.W..................#
#......KKW.K#.##...##..........#
#####§)####.#.###...............
##§§................#.######


You could see a kobold brigand and a kobold.

Vanquished Creatures
  Pargi (Sewer)
  An orc priest (D:3)
  An orc wizard (D:3)
  3 adders
  3 dart slugs
  2 orcs (D:3)
  3 endoplasms
  4 giant cockroaches
  6 hobgoblins
  4 ball pythons
  2 bats
  4 frilled lizards
  4 goblins
  11 kobolds
  5 rats
54 creatures vanquished.

Notes
Turn   | Place    | Note
-------+----------+-------------------------------------------
     0 | D:1      | Demosthentine the Demonspawn Gladiator began the quest for
                  | the Orb.
     0 | D:1      | Reached XP level 1. HP: 16/16 MP: 1/1
     0 | D:1      | Noticed an ice dragon
     1 | D:1      | Noticed a tentacled monstrosity
     1 | D:1      | Noticed an orb of fire
     3 | D:1      | Noticed an orb of fire
     3 | D:1      | Noticed an ice dragon
     6 | D:1      | Noticed an orb of fire
    11 | D:1      | Noticed an orb of fire
    11 | D:1      | Noticed an iron dragon
    15 | D:1      | Noticed an orb of fire
    15 | D:1      | Noticed an orb of fire
    17 | D:1      | Noticed an ice dragon
    19 | D:1      | Noticed an iron dragon
    19 | D:1      | Noticed a tentacled monstrosity
    21 | D:1      | Noticed an orb of fire
   282 | D:1      | Gained mutation: You are surrounded by a mild repulsion
                  | field. (EV +2) [demonic ancestry]
   282 | D:1      | Reached XP level 2. HP: 22/22 MP: 2/2
   724 | D:2      | Found a blossoming altar of Fedhas.
  1057 | D:2      | Reached XP level 3. HP: 22/28 MP: 3/3
  1393 | D:2      | Reached skill level 1 in Armour
  1850 | D:3      | Gained mutation: Spells you cast may paralyse adjacent
                  | enemies. [demonic ancestry]
  1850 | D:3      | Reached XP level 4. HP: 28/34 MP: 4/4
  1983 | D:3      | Found a runed translucent gate.
  1984 | D:3      | Found a runed translucent gate.
  1990 | D:3      | Noticed a kobold brigand
  2001 | D:3      | Found a runed translucent gate.
  2005 | D:3      | Noticed superbruh's ghost (amateur DsGl)
  2218 | D:3      | Found a glowing drain.
  2225 | Sewer    | Entered a sewer
  2264 | Sewer    | Noticed Pargi
  2273 | Sewer    | Killed Pargi
  2274 | Sewer    | Gained mutation: You may rarely emit foul miasma when
                  | damaged in melee. [demonic ancestry]
  2274 | Sewer    | Reached XP level 5. HP: 24/41 MP: 5/5
  2833 | D:3      | HP: 2/41 [poisoned by a kobold brigand]
  2843 | D:3      | Slain by a kobold brigand

Illustrated notes

Levels and vault maps discovered:
D:1:      shiori_arrival_whats_in_store_for_you, layout_basic
D:2:      layout_basic, basic_altar, serial_co_window_serial,
          co_window_corner_a, co_window_corner_a, co_window_corner_a,
          co_window_paths_b, co_window_corner_a, co_window_paths_c,
          co_window_corner_cb, co_window_of_opportunity_b, co_window_corner_b,
          co_window_corner_cb, co_window_broadway_a, glass_columns_b,
          glass_columns_c, feat_on_display
D:3:      layout_loops_ring, mainiacjoe_sewer_entry_somewhere_in_here_2,
          gammafunk_ghost_nasty_kobolds, chequers_mini_garden

Skill      XL: |  1  2  3  4 |
---------------+-------------+-----
Throwing       | 2 |  2.9
Polearms       | 3 |  3.5
Dodging        | 3 |  3.5
Armour         | 1 |  1.9
Fighting       | 3 |  3.2

Action                     |  1- 3 |  4- 6 || total
---------------------------+-------+-------++-------
  Melee: Trident           |    71 |   130 ||   201
         Punch             |       |     1 ||     1
  Throw: Throwing net      |       |     1 ||     1
    Use: Scroll            |     5 |     3 ||     8
         Potion            |       |     3 ||     3
   Stab: Sleeping          |     2 |     3 ||     5
 Armour: Leather armour    |    30 |    65 ||    95
  Dodge: Dodged            |    24 |    69 ||    93

Table legend: (Time is in decaauts)
 A = Elapsed time spent in this place.
 B = Non-inter-level travel time spent in this place.
 C = Inter-level travel time spent in this place.
 D = Time resting spent in this place.
 E = Time spent auto-exploring this place.
 F = Levels seen in this place.
 G = Mean time per level.
                   A        B        C        D        E       F      G
               +--------+--------+--------+--------+--------+-----+--------+
         Total |   2882 |   2811 |     71 |    171 |   2066 |   4 |  720.5 |
       Dungeon |   2676 |   2605 |     71 |    171 |   1905 |   3 |  892.0 |
         Sewer |    206 |    206 |      0 |      0 |    161 |   1 |  206.0 |
               +--------+--------+--------+--------+--------+-----+--------+

Top non-repeatable levels by time:
     D:2: 1123 daAuts
     D:3: 838 daAuts
     D:1: 714 daAuts
   Sewer: 206 daAuts
